 Dungeon Crawl Stone Soup version 0.22-a0-69-g116c2a8 (webtiles) character file.

24140 FrankyJ the Impaler (level 13, -2/105 (106) HPs)
             Began as a Merfolk Gladiator on Jan 8, 2018.
             Was an Elder of Yredelemnul.
             Slain by an unseen horror (11 damage)
             ... on level 14 of the Dungeon on Jan 11, 2018.
             The game lasted 01:08:21 (20830 turns).

FrankyJ the Impaler (Merfolk Gladiator)            Turns: 20830, Time: 01:08:21

HP:   -2/105 (106)  AC:  5    Str: 19    XL:     13   Next: 11%
MP:   13/13         EV: 22    Int:  8    God:    Yredelemnul [****..]
Gold: 738           SH:  0    Dex: 15    Spells: 12/12 levels left

rFire    . . .     SeeInvis .   a - +1 trident
rCold    + . .     Gourm    .   p - +0 buckler
rNeg     . . .     Faith    .   b - +0 leather armour
rPois    +         Spirit   .   o - +1 helmet
rElec    .         Reflect  .   (no cloak)
rCorr    .         Harm     .   (no gloves)
MR       .....                  (no boots)
Stlth    +.........             (no amulet)
HPRegen  0.27/turn              x - ring of poison resistance (curse)
MPRegen  0.13/turn              D - ring of protection from cold

@: confused
A: change form in water, swift swim, stealthy swim
a: Recall Undead Slaves, Injury Mirror, Animate Dead, Drain Life, Renounce
Religion


You were on level 14 of the Dungeon.
You worshipped Yredelemnul.
Yredelemnul was greatly pleased with you.
You were very hungry.

You visited 1 branch of the dungeon, and saw 14 of its levels.

You collected 738 gold pieces.

Inventory:

Hand Weapons
 a - a +1 trident (weapon)
 F - a +0 blowgun
 M - a +0 blowgun
Missiles
 l - 28 tomahawks
 y - 3 throwing nets (quivered)
 G - 9 curare-tipped needles
 H - 16 poisoned needles
Armour
 b - a +0 leather armour (worn)
 o - a +1 helmet (worn)
 p - a +0 buckler (worn)
Jewellery
 d - an uncursed ring of positive energy {unknown}
 r - a cursed ring of teleportation
 t - a cursed -4 ring of protection {unknown}
 x - a cursed ring of poison resistance (left hand)
 D - a ring of protection from cold (right hand)
 E - a cursed ring of teleportation
Wands
 c - a wand of random effects (20)
 A - a wand of flame (19)
 B - a wand of polymorph (35)
Scrolls
 h - 3 scrolls of teleportation
 i - 2 scrolls of amnesia
 q - 6 scrolls of remove curse
 s - 3 scrolls of magic mapping
 u - a scroll of fear
 v - a scroll of enchant weapon
 C - a scroll of fog
 L - a scroll of enchant armour
Potions
 e - a potion of ambrosia
 g - 7 potions of curing
 j - a potion of mutation
 k - 4 potions of agility
 m - 2 potions of cancellation
 n - a potion of lignification
 z - a potion of flight
 K - 2 potions of berserk rage
Books
 w - a book of Transfigurations

   Spells                             Type                      Level
   a - Irradiate                      Conjuration/Transmutation    5
   b - Statue Form                    Transmutation/Earth          6
   c - Hydra Form                     Transmutation                6
   d - Dragon Form                    Transmutation                7
Miscellaneous
 N - a phantom mirror
Comestibles
 f - 18 rations


   Skills:
 + Level 11.5 Fighting
 - Level 17.1 Polearms
 - Level 2.0 Throwing
 - Level 15.0 Dodging
 - Level 8.4 Shields


You had 12 spell levels left.
You didn't know any spells.

Dungeon Overview and Level Annotations

Branches:
Dungeon (14/15) Temple (0/1) D:5 Vaults (0/5) D:13 D:14 Lair: D:8-11 Orc: D:9-12

Altars:
Ashenzari
Cheibriados
Elyvilon
Gozag
Hepliaklqana
Makhleb
Nemelex Xobeh
Okawaru
Qazlal
Trog
Uskayaw
Vehumet
Xom
Yredelemnul
The Shining One

Shops:
D:4 :

Annotations:
D:4 Sigmund
D:9 3 exclusions
D:13 Rupert
D:14 Nessos


Message History

* * * LOW HITPOINT WARNING * * *
Something hits you.
* * * LOW HITPOINT WARNING * * *
Things that are here:
an uncursed longbow; 11 arrows Something closely misses you.
Something barely misses you. Something completely misses you.
You see here an arrow.
You hit something. You block something's attack.
Your centaur warrior zombie hits something but does no damage.
You miss something. Something barely misses you.
Something hits your centaur warrior zombie!
Your centaur warrior zombie hits something.
You miss something. Something hits you.
* * * LOW HITPOINT WARNING * * *
Something hits your centaur warrior zombie.
You are confused.
You feel invigorated. Something hits you!
You die...
Your body rises from the dead as a mindless zombie.

.#......)######.#.......##
.#.######.....#.#...#....#
.#.#.....####.#.#..##....##
.#.#.####...#.#.#.........#
.#.#.#...##.#.#.#........## .
.#.#.#Z##.#.#.#.#Z..#.....## ..
.#.#.#.#.[.#.#.#Z#.Z.......##...
..#.#.#.#.##.#.#.#.Z...#........
..#.#.#.##...#.#@#......(..#...#
.Z#.#.#.. ####.#.#.....#5.......
Z.#.#.#### ..#.#...###.......>
.Z#.#.. ###.#.... .........
Z.#.### #.......#..............
.Z#.. .########..............
..########. ...............
........... ..........##....
........... ...........# ....


You could see a friendly centaur warrior zombie and a friendly cyclops zombie.

Vanquished Creatures
  A two-headed ogre (D:12)
  3 centaur warriors
  2 cyclopes
  A centaur skeleton (D:13)
  A gargoyle (D:14)
  An ice devil (D:11)
  A troll (D:9)
  Prince Ribbit (D:6)
  A hornet (shapeshifter) (D:13)
  4 slime creatures
  A hippogriff (D:7)
  A wraith (D:14)
  6 yaks
  2 hungry ghosts
  8 humans
  2 vampire mosquitoes (D:12)
  Edmund (D:4)
  A soldier ant (D:11)
  2 water moccasins
  3 hell hounds (D:13)
  An acid dragon (D:14)
  9 orc warriors
  2 black bears
  3 ice beasts
  6 phantoms
  An eye of draining (D:14)
  A necrophage (D:9)
  4 ogres
  A wolf (D:9)
  8 centaurs
  2 big kobolds
  5 bullfrogs
  3 scorpions
  6 killer bees
  5 howler monkeys
  A crimson imp (D:12)
  A centaur zombie (D:11)
  2 bullfrog zombies
  10 orc priests
  3 jellies
  4 bullfrog skeletons
  6 hounds
  7 iguanas
  20 orc wizards
  Terence (D:2)
  8 worker ants
  2 killer bee zombies (D:6)
  A hound zombie (D:9)
  2 hound skeletons
  4 gnolls (D:2)
  A howler monkey skeleton (D:5)
  11 adders
  4 shadow imps
  2 oozes
  4 adder zombies
  An adder skeleton (D:9)
  2 worms
  5 dart slugs
  8 leopard geckos
  51 orcs
  A ball python (D:8)
  8 bats
  7 giant cockroaches
  2 goblins
  7 hobgoblins
  20 jackals
  10 quokkas
  4 frilled lizards
  2 jackal skeletons
  A jackal zombie (D:3)
  14 kobolds
  A leopard gecko skeleton (D:6)
  A quokka skeleton (D:8)
  A quokka zombie (D:6)
  8 rats
  A spectral orc (D:2)
349 creatures vanquished.

Vanquished Creatures (collateral kills)
  Azrael (D:13)
  Harold (D:12)
  2 two-headed ogres
  2 tengu warriors (D:13)
  Urug (D:13)
  Sonja (D:13)
  An unseen horror (D:14)
  An orc knight (D:13)
  2 manticores (D:14)
  2 ugly things
  2 gargoyles
  A centaur skeleton (D:13)
  An ice devil (D:11)
  A hornet (D:11)
  A troll (D:12)
  6 slime creatures
  3 fire elementals (D:13)
  9 humans
  3 yaks
  A vampire mosquito (D:12)
  An acid dragon (D:12)
  A soldier ant (D:11)
  A hell hound (D:13)
  3 orc warriors
  2 sky beasts (D:13)
  7 centaurs
  A bullfrog (D:14)
  3 wyvern skeletons
  2 scorpions
  3 howler monkeys (D:11)
  A crimson imp (D:11)
  A quasit (D:13)
  3 orc wizards (D:12)
  An orc priest (D:10)
  2 hounds
  2 iguanas
  A worker ant (D:13)
  An adder (D:12)
  A leopard gecko (D:11)
  7 orcs
86 creatures vanquished.

Vanquished Creatures (others)
  A phantasmal warrior (D:13)
  An ugly thing zombie (D:13)
  6 flying skulls
  A wraith (D:14)
  2 vampires
  A tengu zombie (D:13)
  A yak zombie (D:11)
  A wight (D:11)
  3 centaur zombies
  A bullfrog zombie (D:10)
  A human zombie (D:14)
  A soldier ant zombie (D:11)
  A black bear zombie (D:10)
  2 human skeletons (D:14)
  2 hound zombies
  3 mummies
  A worker ant zombie (D:12)
  An iguana zombie (D:11)
  10 orc zombies
  An adder zombie (D:12)
  An iguana skeleton (D:14)
  A quokka (D:9)
  A quokka zombie (D:9)
44 creatures vanquished.

Grand Total: 479 creatures vanquished

Notes
Turn   | Place    | Note
-------+----------+-------------------------------------------
     0 | D:1      | FrankyJ the Merfolk Gladiator began the quest for the Orb.
     0 | D:1      | Reached XP level 1. HP: 16/16 MP: 1/1
     0 | D:1      | Upgraded the game from 0.22-a0-49-g614aadd to 0.22-a0-51-g1bb26a1
    78 | D:1      | Reached XP level 2. HP: 23/23 MP: 2/2
   310 | D:1      | Reached skill level 5 in Polearms
   364 | D:1      | Reached XP level 3. HP: 26/28 MP: 3/3
  1139 | D:2      | Reached skill level 5 in Dodging
  1139 | D:2      | Reached XP level 4. HP: 23/35 MP: 4/4
  1294 | D:2      | Noticed Terence
  1401 | D:2      | Reached skill level 1 in Shields
  1506 | D:2      | Reached skill level 6 in Polearms
  1539 | D:2      | Found a basalt altar of Yredelemnul.
  1598 | D:2      | Killed Terence
  1598 | D:2      | Reached XP level 5. HP: 40/41 MP: 5/5
  2193 | D:2      | Became a worshipper of Yredelemnul the Dark
  2277 | D:3      | Found an opulent altar of Gozag.
  2283 | D:3      | Noticed an ice beast
  2510 | D:3      | Reached skill level 7 in Polearms
  2510 | D:3      | Reached XP level 6. HP: 20/47 MP: 6/6
  3318 | D:3      | Killed an ice beast
  3318 | D:3      | Reached skill level 8 in Polearms
  3647 | D:4      | Reached XP level 7. HP: 44/52 MP: 7/7
  3648 | D:4      | Reached skill level 9 in Polearms
  3739 | D:4      | Noticed Sigmund
  3784 | D:5      | Entered Level 5 of the Dungeon
  3826 | D:5      | Found a staircase to the Ecumenical Temple.
  3973 | D:5      | Found a snail-covered altar of Cheibriados.
  3975 | D:5      | Found a burning altar of Makhleb.
  3977 | D:5      | Found a sparkling altar of Nemelex Xobeh.
  3978 | D:5      | Found a radiant altar of Vehumet.
  3978 | D:5      | Found a hazy altar of Hepliaklqana.
  3978 | D:5      | Found a bloodstained altar of Trog.
  3979 | D:5      | Found a hide-covered altar of Uskayaw.
  4149 | D:4      | Noticed Edmund
  4169 | D:4      | Found an iron altar of Okawaru.
  4689 | D:4      | Killed Edmund
  4689 | D:4      | Reached skill level 5 in Fighting
  5292 | D:4      | Reached * piety under Yredelemnul
  5292 | D:4      | Reached XP level 8. HP: 65/65 MP: 8/8
  5299 | D:4      | Found Ciffyn's Book Shop.
  5712 | D:5      | Found a white marble altar of Elyvilon.
  6284 | D:6      | Noticed Prince Ribbit
  7286 | D:6      | Reached ** piety under Yredelemnul
  7584 | D:6      | Killed Prince Ribbit
  7708 | D:6      | Reached XP level 9. HP: 55/72 MP: 9/9
  7827 | D:6      | Reached skill level 10 in Dodging
  8116 | D:7      | Found a glowing golden altar of the Shining One.
  8451 | D:8      | Noticed a two-headed ogre
  8489 | D:8      | Found a shattered altar of Ashenzari.
  8516 | D:7      | Upgraded the game from 0.22-a0-51-g1bb26a1 to 0.22-a0-63-geddfa9b
  9422 | D:8      | Found a shimmering altar of Xom.
  9426 | D:8      | Found a shimmering altar of Xom.
  9426 | D:8      | Found a shimmering altar of Xom.
  9426 | D:8      | Found a shimmering altar of Xom.
  9426 | D:8      | Found a shimmering altar of Xom.
  9517 | D:8      | Noticed a manticore
  9517 | D:8      | a hippogriff changed into a manticore
  9552 | D:8      | Noticed a jumping spider
  9615 | D:8      | Noticed an orb spider
  9616 | D:8      | Noticed a deep troll
  9934 | D:8      | Upgraded the game from 0.22-a0-63-geddfa9b to 0.22-a0-69-g116c2a8
 10037 | D:9      | Reached *** piety under Yredelemnul
 10147 | D:9      | Noticed a troll
 10164 | D:9      | Killed a troll
 10164 | D:9      | Reached skill level 10 in Polearms
 10164 | D:9      | Reached XP level 10. HP: 41/79 MP: 10/10
 10412 | D:9      | Reached skill level 11 in Polearms
 12187 | D:9      | Received a gift from Yredelemnul (a mummy)
 12370 | D:10     | Entered Level 10 of the Dungeon
 12515 | D:10     | Received a gift from Yredelemnul (a mummy)
 12698 | D:10     | Noticed a two-headed ogre
 12712 | D:10     | Killed a two-headed ogre
 12712 | D:10     | Reached skill level 10 in Fighting
 13185 | D:10     | Found a glowing golden altar of the Shining One.
 13432 | D:11     | Received a gift from Yredelemnul (a wight)
 13514 | D:11     | Reached **** piety under Yredelemnul
 13599 | D:11     | Reached XP level 11. HP: 83/92 MP: 11/11
 13600 | D:11     | Received a gift from Yredelemnul (a mummy)
 13618 | D:11     | Reached skill level 12 in Polearms
 13644 | D:11     | Noticed a cyan ugly thing
 13681 | D:10     | Killed a cyan ugly thing
 13968 | D:11     | Received a gift from Yredelemnul (4 flying skulls)
 13981 | D:11     | Found a stormy altar of Qazlal.
 14087 | D:11     | Reached skill level 13 in Polearms
 14633 | D:12     | Noticed a cyclops
 14656 | D:12     | Killed a cyclops
 14663 | D:12     | Reached skill level 14 in Polearms
 14666 | D:12     | Received a gift from Yredelemnul (a vampire)
 15099 | D:12     | Noticed Harold
 15113 | D:12     | Killed Harold
 15118 | D:12     | Received a gift from Yredelemnul (a vampire)
 15351 | D:12     | Reached skill level 15 in Polearms
 15427 | D:12     | Received a gift from Yredelemnul (a phantasmal warrior)
 15784 | D:12     | Noticed a two-headed ogre
 15790 | D:12     | Killed a two-headed ogre
 15790 | D:12     | Reached skill level 16 in Polearms
 15993 | D:12     | Noticed a two-headed ogre
 16002 | D:12     | Killed a two-headed ogre
 16312 | D:13     | Noticed Urug
 16321 | D:13     | Killed Urug
 16321 | D:13     | Reached XP level 12. HP: 47/99 MP: 12/12
 16711 | D:13     | Reached skill level 17 in Polearms
 16785 | D:13     | Noticed a centaur warrior
 16798 | D:13     | Killed a centaur warrior
 17029 | D:13     | Noticed a tengu warrior
 17030 | D:13     | Noticed a tengu warrior
 17047 | D:13     | Killed a tengu warrior
 17047 | D:13     | Reached skill level 5 in Shields
 17056 | D:13     | Killed a tengu warrior
 17242 | D:13     | Received a gift from Yredelemnul (2 flying skulls)
 17258 | D:13     | Noticed Azrael
 17615 | D:13     | Killed Azrael
 18047 | D:14     | Found a gate to the Vaults.
 18047 | D:14     | Noticed a centaur warrior
 18047 | D:14     | Noticed a centaur warrior
 18047 | D:14     | Noticed Rupert
 18094 | D:14     | Noticed Sonja
 18237 | D:13     | Killed Sonja
 19943 | D:14     | Killed a centaur warrior
 19955 | D:14     | Received a gift from Yredelemnul (a wraith)
 20489 | D:14     | Reached XP level 13. HP: 98/105 MP: 0/13
 20493 | D:14     | Noticed Nessos
 20539 | D:14     | Reached skill level 15 in Dodging
 20829 | D:14     | HP: 5/105 [something (5)]
 20830 | D:14     | Slain by an unseen horror

Vault maps used:
D:1:      sevenhm_arrival_forest_fort_large_2, serial_bayou_pond_a
D:2:      yredelemnul_forgotten_temple_becter, uniq_terence
D:3:      grunt_gozag_breadcrumbs, serial_undead, serial_undead_d,
          serial_undead_f, serial_undead_a, serial_undead_c, minmay_door_square
D:4:      serial_shops, shop, okawaru_metal_pillars_1_2, uniq_sigmund,
          uniq_edmund
D:5:      grunt_temple_overflow_open, nicolae_overflow_hidden_temple,
          minmay_temple_entry_trees, first_ration, grunt_tough_drop
D:6:      uniq_prince_ribbit1
D:7:      old_standard_altar
D:8:      xom_shifter_show, lemuel_crystal_altar
D:9:      erik_lair_island, david_orc_4
D:10:     basic_altar, grunt_pizzeria
D:11:     portal_ice_cave_demonic_guard, nicolae_qazlal_style_of_elements
D:12:     item_on_display_b, uniq_harold
D:13:     uniq_azrael, uniq_urug
D:14:     minmay_distorted_concentric_squares, david_vaults_3,
          minmay_crystal_room, uniq_sonja, uniq_nessos

Skill      XL: |  1  2  3  4  5  6  7  8  9 10 11 12 13 |
---------------+----------------------------------------+-----
Polearms       | 5 6 7 8 9 10 11 16 17 | 17.1
Fighting       | 3 6 7 11 | 11.5
Dodging        | 5 9 13 14 15 | 15.0
Shields        | 1 2 3 8 |  8.4
Throwing       | |  2.0

Action                   |  1- 3 |  4- 6 |  7- 9 | 10-12 | 13-15 || total
-------------------------+-------+-------+-------+-------+-------++-------
Melee: Trident           |    99 |   234 |   653 |   953 |    61 ||  2000
Throw: Tomahawk          |       |       |     6 |       |       ||     6
       Throwing net      |       |       |     3 |       |       ||     3
Invok: Animate Dead      |       |       |     1 |    33 |     1 ||    35
       Recall Undead Sla |       |       |       |     3 |       ||     3
       Injury Mirror     |       |       |       |     5 |       ||     5
Evoke: Wand              |       |       |     1 |       |       ||     1
  Use: Scroll            |       |    12 |    12 |     3 |     5 ||    32
       Potion            |       |     1 |     2 |     3 |     1 ||     7
 Stab: Sleeping          |     3 |     3 |       |     1 |       ||     7
       Distracted        |       |     1 |     1 |    12 |       ||    14
       Confused          |       |       |       |     1 |       ||     1
  Eat: Chunk             |     1 |     7 |    24 |    27 |       ||    59
       Ration            |       |       |       |     5 |       ||     5
Armor: Leather armour    |     9 |    31 |    83 |    54 |     8 ||   185
Dodge: Dodged            |    49 |   116 |   384 |   541 |    38 ||  1128
Block: Buckler           |     1 |    35 |   111 |   180 |    14 ||   341

Table legend:
 A = Spawn XP
 B = Non-spawn XP
 C = Spawn XP percentage of total XP
 D = Spawn monster count
 E = Non-spawn monster count
 F = Spawn count percentage of total count
 G = Total turns spent on level
                    A         B        C        D         E        F      G
               +---------+---------+-------+---------+---------+-------+---------
         Total |       0 |   34487 |   0.0 |       0 |     435 |   0.0 | 20830
               +---------+---------+-------+---------+---------+-------+---------
           D:1 |       0 |      52 |   0.0 |       0 |      24 |   0.0 |   811
           D:2 |       0 |     159 |   0.0 |       0 |      27 |   0.0 |  1414
           D:3 |       0 |     443 |   0.0 |       0 |      33 |   0.0 |  1957
           D:4 |       0 |     608 |   0.0 |       0 |      24 |   0.0 |  1037
           D:5 |       0 |      50 |   0.0 |       0 |       2 |   0.0 |  1489
           D:6 |       0 |    1255 |   0.0 |       0 |      32 |   0.0 |  1215
           D:7 |       0 |     775 |   0.0 |       0 |      11 |   0.0 |   895
           D:8 |       0 |     771 |   0.0 |       0 |      26 |   0.0 |  1081
           D:9 |       0 |    2511 |   0.0 |       0 |      50 |   0.0 |  2471
          D:10 |       0 |    2141 |   0.0 |       0 |      26 |   0.0 |  1207
          D:11 |       0 |    2998 |   0.0 |       0 |      44 |   0.0 |   969
          D:12 |       0 |    6245 |   0.0 |       0 |      54 |   0.0 |  2016
          D:13 |       0 |   10079 |   0.0 |       0 |      50 |   0.0 |  3595
          D:14 |       0 |    6400 |   0.0 |       0 |      32 |   0.0 |   673
               +---------+---------+-------+---------+---------+-------+---------
